 Seeded DCSS version 0.31-a0-365-gcf821cafb2 (webtiles) character file.

Game seed: 18141708299941630416 (custom seed)

1428 GilGalad the Covert (level 8, -2/67 HPs)
             Began as a Gnoll Delver on July 28, 2023.
             Was a Priest of Makhleb.
             Splashed by a jelly's acid (10 damage)
             ... on level 6 of the Dungeon.
             The game lasted 00:14:12 (6411 turns).

GilGalad the Covert (Gnoll Delver)                  Turns: 6411, Time: 00:14:12

Health: -2/67      AC: -23   Str: 11    XL:     8   Next: 72%
Magic:  13/13      EV: 14    Int: 10    God:    Makhleb [***...]
Gold:   244        SH:  0    Dex: 16    Spells: 14/14 levels left

rFire   . . .        H - +2 dagger (elec)
rCold   + . .        (no shield)
rNeg    . . .        b - +0 leather armour
rPois   .            (no helmet)
rElec   .            h - +0 cloak
rCorr   .            (no gloves)
SInv    .            (no boots)
Will    +....        (no amulet)
Stlth   ++++         t - ring of willpower
HPRegen 0.31/turn    w - ring of protection from cold
MPRegen 0.13/turn

%: no passive effects
@: corroded
A: fangs 1, strong nose, distributed training
a: Renounce Religion, Minor Destruction, Lesser Servant of Makhleb


You were on level 6 of the Dungeon.
You worshipped Makhleb.
Makhleb was most pleased with you.
You visited 1 branch of the dungeon, and saw 6 of its levels.

You collected 244 gold pieces.

Inventory:

Hand Weapons
 a - a +0 hand axe
 j - a +1 long sword of holy wrath
 q - a +0 sling
 G - a +1 dagger of freezing
 H - a +2 dagger of electrocution (weapon)
 I - a +0 dagger of venom
Missiles
 i - 3 poisoned darts
 r - 82 stones
 B - a throwing net
Armour
 b - a +0 leather armour (worn)
 h - a +0 cloak (worn)
Jewellery
 m - an amulet of faith
 n - a +6 ring of intelligence
 t - a ring of willpower (left hand)
 w - a ring of protection from cold (right hand)
 C - the ring of the Tortoise {AC+8}
   (You found it on level 4 of the Dungeon)

   [ring of protection]

   AC:        It affects your AC (+8).
 D - an amulet of guardian spirit
Wands
 g - a wand of digging (3)
 y - a wand of flame (29)
 A - a wand of quicksilver (14)
Scrolls
 c - a scroll of fog
 d - 2 scrolls of revelation
 e - 3 scrolls of fear
 o - 5 scrolls of identify
 s - 3 scrolls of teleportation {unknown}
 u - 2 scrolls of blinking {unknown}
 z - a scroll of vulnerability {unknown}
 E - a scroll of immolation {unknown}
 F - a scroll of silence {unknown}
Potions
 k - 2 potions of lignification
 l - a potion of mutation {unknown}
 p - a potion of invisibility {unknown}
 v - 2 potions of resistance {unknown}
 x - a potion of brilliance {unknown}


   Skills:
 + Level 7.5 Fighting
 + Level 3.6 Short Blades
 + Level 3.6 Long Blades
 + Level 5.9 Axes
 + Level 3.6 Maces & Flails
 + Level 3.6 Polearms
 + Level 3.6 Staves
 + Level 3.6 Ranged Weapons
 + Level 3.6 Throwing
 + Level 3.6 Armour
 + Level 5.9 Dodging
 + Level 10.2 Stealth
 + Level 3.6 Shields
 + Level 3.6 Unarmed Combat
 + Level 3.6 Spellcasting
 + Level 2.9 Conjurations
 + Level 2.9 Hexes
 + Level 2.9 Summonings
 + Level 2.9 Necromancy
 + Level 2.9 Translocations
 + Level 2.9 Transmutations
 + Level 2.9 Fire Magic
 + Level 2.9 Ice Magic
 + Level 2.9 Air Magic
 + Level 2.9 Earth Magic
 + Level 2.9 Poison Magic
 + Level 4.0 Invocations
 + Level 3.6 Evocations
 + Level 2.9 Shapeshifting


You had 14 spell levels left.
You didn't know any spells.
Your spell library contained the following spells:

 Spells                   Type           Power      Damage    Failure   Level
 Magic Dart               Conj           28%        1d4       10%         1
 Searing Ray              Conj           14%        2d5       16%         2
 Fulminant Prism          Conj/Hex       3%         3d5       69%         4


Dungeon Overview and Level Annotations

Branches:
Dungeon (6/15)
 Temple: D:4-7

Altars:
Dithmenos
Makhleb
Trog
Vehumet

Shops:
D:5 [

Annotations:
D:2 Sigmund


Innate Abilities, Weirdness & Mutations

You have very sharp teeth.
Your uncanny sense of smell can sniff out nearby items.
Your experience applies equally to all skills.


Message History

* * * LOW HITPOINT WARNING * * *
You bite the jelly, but do no damage.
The jelly is moderately wounded.
The jelly hits you.
* * * LOW HITPOINT WARNING * * *
You are splashed with acid!
* * * LOW HITPOINT WARNING * * *
You feel much better. The jelly barely misses you.
You hit the jelly. The acid corrodes you!
Your hands burn!
The jelly is moderately wounded.
You hit the jelly but do no damage.
Your hands burn!
You punch the jelly. Your bite misses the jelly.
The jelly is moderately wounded.
The jelly misses you. The jelly attacks as you move away! The jelly hits you.
You are splashed with acid!
The jelly attacks as you move away! The jelly closely misses you.
The jelly closely misses you.
There is a stone staircase leading up here.
You open the door. The jelly hits you. The acid corrodes you!
You are splashed with acid!
* * * LOW HITPOINT WARNING * * *
There is an open door here.
The jelly attacks as you move away! The jelly closely misses you.
The jelly attacks as you move away! The jelly hits you.
* * * LOW HITPOINT WARNING * * *
The acid corrodes you!
You are splashed with acid.
* * * LOW HITPOINT WARNING * * *
Okay, then.
The jelly attacks as you move away! The jelly misses you.
The jelly attacks as you move away! The jelly hits you.
* * * LOW HITPOINT WARNING * * *
You are splashed with acid!
* * * LOW HITPOINT WARNING * * *
The jelly attacks as you move away! The jelly barely misses you.
The jelly attacks as you move away! The jelly misses you.
The jelly attacks as you move away! The jelly hits you.
* * * LOW HITPOINT WARNING * * *
The acid corrodes you!
You are splashed with acid!
You die...

#......#............
#......#............
#......#............
#####......#............
...........#............
...........#.....##.....
...........#..... #.....
.......J...#..... ......
.......@...#..... .....
...........#..... .....
...........#
..######+### .


You could see a jelly.

Vanquished Creatures
  2 water moccasins
  An orc warrior (D:6)
  2 ogres
  A phantom (D:5)
  2 scorpions
  An orc priest (D:3)
  A gnoll bouda (D:4)
  4 hounds
  4 jellies
  Ijyb (D:3)
  Terence (D:2)
  2 iguanas
  5 orc wizards
  Robin (D:2)
  4 gnolls (D:4)
  8 adders
  A worm (D:3)
  2 dart slugs (D:2)
  18 orcs
  6 endoplasms
  5 giant cockroaches
  8 goblins
  6 hobgoblins
  7 jackals (D:1)
  5 quokkas
  9 ball pythons
  6 bats
  3 frilled lizards
  10 kobolds
  4 rats
130 creatures vanquished.

Notes
Turn   | Place    | Note
-------+----------+-------------------------------------------
     0 | D:5      | Reached skill level 9 in Stealth
     0 | D:5      | GilGalad the Gnoll Delver began the quest for the Orb.
     0 | D:5      | Reached XP level 1. HP: 23/23 MP: 1/1
    46 | D:5      | Noticed a hound
    57 | D:5      | Noticed a hound
   149 | D:4      | Reached XP level 2. HP: 29/29 MP: 2/2
   415 | D:3      | Noticed Ijyb
   602 | D:3      | Found a bloodstained altar of Trog.
   613 | D:3      | Reached XP level 3. HP: 16/35 MP: 2/4
   768 | D:3      | Found a burning altar of Makhleb.
   768 | D:3      | Noticed a cacodemon
   771 | D:3      | Noticed a hellwing
   771 | D:3      | Noticed a neqoxec
   773 | D:3      | Became a worshipper of Makhleb the Destroyer
   797 | D:3      | Found a shadowy altar of Dithmenos.
   808 | D:3      | Reached skill level 1 in Short Blades
   808 | D:3      | Reached skill level 1 in Long Blades
   808 | D:3      | Reached skill level 1 in Maces & Flails
   808 | D:3      | Reached skill level 1 in Polearms
   808 | D:3      | Reached skill level 1 in Staves
   808 | D:3      | Reached skill level 1 in Ranged Weapons
   808 | D:3      | Reached skill level 1 in Throwing
   808 | D:3      | Reached skill level 1 in Armour
   808 | D:3      | Reached skill level 1 in Shields
   808 | D:3      | Reached skill level 1 in Unarmed Combat
   808 | D:3      | Reached skill level 1 in Spellcasting
   808 | D:3      | Reached skill level 1 in Invocations
   808 | D:3      | Reached skill level 1 in Evocations
   808 | D:3      | Reached XP level 4. HP: 22/41 MP: 5/5
  1128 | D:2      | Noticed Terence
  1128 | D:2      | Noticed Robin
  1492 | D:1      | Reached skill level 1 in Conjurations
  1492 | D:1      | Reached skill level 1 in Hexes
  1492 | D:1      | Reached skill level 1 in Summonings
  1492 | D:1      | Reached skill level 1 in Necromancy
  1492 | D:1      | Reached skill level 1 in Translocations
  1492 | D:1      | Reached skill level 1 in Transmutations
  1492 | D:1      | Reached skill level 1 in Fire Magic
  1492 | D:1      | Reached skill level 1 in Ice Magic
  1492 | D:1      | Reached skill level 1 in Air Magic
  1492 | D:1      | Reached skill level 1 in Earth Magic
  1492 | D:1      | Reached skill level 1 in Poison Magic
  1492 | D:1      | Reached skill level 1 in Shapeshifting
  1531 | D:1      | Found a faded altar of an unknown god.
  1693 | D:1      | Reached * piety under Makhleb
  2225 | D:2      | Killed Robin
  2238 | D:2      | Reached XP level 5. HP: 26/47 MP: 5/7
  2364 | D:2      | Killed Terence
  2764 | D:2      | Noticed Sigmund
  3103 | D:3      | Killed Ijyb
  3103 | D:3      | Reached ** piety under Makhleb
  3301 | D:3      | Reached XP level 6. HP: 43/53 MP: 8/8
  3528 | D:4      | Reached skill level 5 in Axes
  3528 | D:4      | Reached skill level 5 in Dodging
  3885 | D:4      | Reached XP level 7. HP: 27/59 MP: 10/10
  4078 | D:4      | Found the ring of the Tortoise {AC+8}
  4490 | D:4      | Reached skill level 10 in Stealth
  4826 | D:5      | Found Gosiecep's Armour Emporium.
  5149 | D:5      | Reached XP level 8. HP: 47/67 MP: 12/12
  5385 | D:5      | Reached *** piety under Makhleb
  6333 | D:6      | Found a radiant altar of Vehumet.
  6370 | D:6      | HP: 3/67 [acid (9)]
  6411 | D:6      | Splashed by a jelly's acid

Illustrated notes

Levels and vault maps discovered:
D:1:      sevenhm_arrival_forest_fort_large_4, layout_basic,
          basic_ecumenical_altar
D:2:      layout_loops_ring, uniq_sigmund, uniq_terence, uniq_robin
D:3:      layout_loops_ring, trog_three_pillars_becter,
          nicolae_dithmenos_through_a_glass_darkly, makhleb_altar_promises_db,
          uniq_ijyb
D:4:      layout_basic, gup_sewer_entry_pipe
D:5:      layout_cave_pods, serial_shops, shop, grunt_ministairs_5,
          minmay_splitting_lines
D:6:      layout_gridville, vehumet_altar_wand_db

Skill      XL: |  1  2  3  4  5  6  7  8 |
---------------+-------------------------+-----
Stealth        | 10 | 10.2
Short Blades   | 1 2 3 |  3.6
Long Blades    | 1 2 3 |  3.6
Maces & Flails | 1 2 3 |  3.6
Polearms       | 1 2 3 |  3.6
Staves         | 1 2 3 |  3.6
Ranged Weapons | 1 2 3 |  3.6
Throwing       | 1 2 3 |  3.6
Armour         | 1 2 3 |  3.6
Shields        | 1 2 3 |  3.6
Unarmed Combat | 1 2 3 |  3.6
Spellcasting   | 1 2 3 |  3.6
Invocations    | 1 2 3 4 |  4.0
Evocations     | 1 2 3 |  3.6
Conjurations   | 1 2 |  2.9
Hexes          | 1 2 |  2.9
Summonings     | 1 2 |  2.9
Necromancy     | 1 2 |  2.9
Translocations | 1 2 |  2.9
Transmutations | 1 2 |  2.9
Fire Magic     | 1 2 |  2.9
Ice Magic      | 1 2 |  2.9
Air Magic      | 1 2 |  2.9
Earth Magic    | 1 2 |  2.9
Poison Magic   | 1 2 |  2.9
Shapeshifting  | 1 2 |  2.9
Axes           | 5 |  5.9
Dodging        | 5 |  5.9
Fighting       | 7 |  7.5

Action                     |  1- 3 |  4- 6 |  7- 9 || total
---------------------------+-------+-------+-------++-------
  Melee: Long sword        |    38 |   206 |    99 ||   343
         Bite              |     5 |    17 |    18 ||    40
         Punch             |       |     2 |     4 ||     6
         Dagger            |       |       |    69 ||    69
    Use: Potion            |     1 |     2 |     4 ||     7
         Scroll            |       |       |     2 ||     2
   Stab: Sleeping          |     8 |    22 |    13 ||    43
 Armour: Leather armour    |     5 |    41 |    36 ||    82
  Dodge: Dodged            |    19 |   113 |   107 ||   239

Table legend: (Time is in decaauts)
 A = Elapsed time spent in this place.
 B = Non-inter-level travel time spent in this place.
 C = Inter-level travel time spent in this place.
 D = Time resting spent in this place.
 E = Time spent auto-exploring this place.
 F = Levels seen in this place.
 G = Mean time per level.
                   A        B        C        D        E       F      G
               +--------+--------+--------+--------+--------+-----+--------+
         Total |   6437 |   6089 |    348 |    254 |   4512 |   6 | 1072.8 |
       Dungeon |   6437 |   6089 |    348 |    254 |   4512 |   6 | 1072.8 |
               +--------+--------+--------+--------+--------+-----+--------+

Top non-repeatable levels by time:
     D:4: 1593 daAuts
     D:3: 1479 daAuts
     D:5: 1120 daAuts
     D:2: 996 daAuts
     D:1: 833 daAuts
     D:6: 414 daAuts
